 Dungeon Crawl Stone Soup version 0.29.1-15-g9cfb28693d (webtiles) character file.

Game seed: 4606370691746758375

10164 Eitelfritz the Carver (level 11, -5/97 HPs)
             Began as a Minotaur Gladiator on Apr 28, 2023.
             Was a Believer of Makhleb.
             Slain by a cyclops (20 damage)
             ... on level 12 of the Dungeon.
             The game lasted 00:23:17 (14519 turns).

Eitelfritz the Carver (Minotaur Gladiator)         Turns: 14519, Time: 00:23:17

Health: -5/97      AC: 12    Str: 19    XL:     11   Next: 32%
Magic:  12/12      EV: 19    Int:  9    God:    Makhleb [**....]
Gold:   723        SH:  0    Dex: 12    Spells: 10/10 levels left

rFire   + . .      SeeInvis .   a - +5 long sword (vorpal)
rCold   . . .      Faith    .   (no shield)
rNeg    . . .      Spirit   .   p - +0 steam dragon scales
rPois   .          Reflect  .   c - +0 hat
rElec   .          Harm     .   e - +0 cloak
rCorr   .          Rampage  .   r - +1 pair of gloves
Will    .....                   j - +1 pair of boots
Stlth   +++.......              (no amulet)
HPRegen 0.26/turn               l - +4 ring of evasion
MPRegen 0.13/turn               A - ring of protection from fire

@: no status effects
A: horns 2, retaliatory headbutt
a: Renounce Religion, Minor Destruction


You were on level 12 of the Dungeon.
You worshipped Makhleb.
Makhleb was pleased with you.
You visited 2 branches of the dungeon, and saw 13 of its levels.

You collected 723 gold pieces.

Inventory:

Hand Weapons
 a - a +5 vorpal long sword (weapon)
 b - a +0 shortbow
 D - a +4 falchion
 H - a +0 demon whip of electrocution
 M - a +0 flail of draining
Missiles
 d - a throwing net
 n - 5 boomerangs
 u - 28 poisoned darts (quivered)
 J - 4 javelins
 K - a curare-tipped dart
Armour
 c - a +0 hat (worn)
 e - a +0 cloak (worn)
 j - a +1 pair of boots (worn)
 p - +0 steam dragon scales (worn)
 r - a +1 pair of gloves (worn)
 s - a scarf of invisibility
 N - a +0 troll leather armour
Jewellery
 l - a +4 ring of evasion (left hand)
 w - a ring of magical power
 x - a ring of ice
 A - a ring of protection from fire (right hand)
 C - a ring of flight
 G - an amulet of faith
Wands
 t - a wand of iceblast (26)
 L - a wand of flame (5)
Scrolls
 f - 2 scrolls of poison
 i - 3 scrolls of identify
 k - 4 scrolls of teleportation
 m - a scroll of immolation
 y - a scroll of blinking
 F - a scroll of fog
 I - 4 scrolls of fear
Potions
 g - a potion of mutation
 h - 4 potions of flight
 o - a potion of attraction
 q - 4 potions of curing
 v - 5 potions of magic
 z - a potion of invisibility
 B - a potion of lignification
 E - a potion of might
 O - 2 potions of heal wounds
 P - a potion of resistance


   Skills:
 + Level 9.2 Fighting
 + Level 13.5 Long Blades
 + Level 2.5 Ranged Weapons
 + Level 2.9 Throwing
 + Level 5.8 Armour
 + Level 9.4 Dodging
 + Level 5.2 Stealth
 + Level 0.5 Unarmed Combat
 * Level 2.8 Invocations


You had 10 spell levels left.
You didn't know any spells.
Your spell library contained the following spells:

 Spells                   Type           Power      Damage    Failure   Level
 Foxfire                  Conj/Fire      0%         2x1d4     38%         1
 Conjure Flame            Conj/Fire      0%         6-21      77%         3
 Frozen Ramparts          Ice            0%         1d1       77%         3
 Inner Flame              Hex/Fire       0%         N/A       77%         3
 Summon Guardian Golem    Hex/Summ       0%         N/A       77%         3
 Flame Wave               Conj/Fire      0%         2d4       99%         4
 Hailstorm                Conj/Ice       0%         3d3       99%         4
 Ice Form                 Ice/Tmut       0%         N/A       99%         4
 Summon Ice Beast         Ice/Summ       0%         N/A       99%         4
 Simulacrum               Ice/Necr       0%         N/A       100%        6
 Orb of Destruction       Conj           0%         9d5       100%        7
 Spellforged Servitor     Conj/Summ      0%         N/A       100%        7


Dungeon Overview and Level Annotations

Branches:
Dungeon (12/15)            Temple (1/1) D:6             Orc (0/2) D:12
   Lair: D:8-11

Altars:
Ashenzari
Cheibriados
Dithmenos
Elyvilon
Fedhas
Gozag
Hepliaklqana
Kikubaaqudgha
Makhleb
Nemelex Xobeh
Okawaru
Qazlal
Ru
Sif Muna
Trog
Uskayaw
Vehumet
Wu Jian
Xom
Yredelemnul
Zin
The Shining One

Shops:
D:7 =

Portals:
Abyss: D:8

Annotations:
D:5 2 runed translucent doors, Sensen's ghost, novice DrCj
D:8 2 transporters, hawkguy's ghost, novice HOFE
D:12 Kirke


Innate Abilities, Weirdness & Mutations

You have a pair of horns on your head.
You reflexively headbutt those who attack you in melee.


Message History

The orc priest misses you. You furiously retaliate!
You headbutt the orc priest. The orc hits you but does no damage.
The orc warrior hits you with a +0 halberd!!
Items here: )) [[ †.
You slash the orc priest! Your headbutt misses the orc priest.
The orc priest is almost dead.
The orc priest calls down the wrath of Beogh upon you.
Beogh smites you! The orc closely misses you. The orc warrior misses you.
You furiously retaliate!
You headbutt the orc warrior, but do no damage.
You slash the orc priest!
You kill the orc priest!
Makhleb accepts your kill.
You feel better. The orc completely misses you.
The orc warrior barely misses you. You furiously retaliate!
You headbutt the orc warrior. The orc misses you.
Things that are here:
a +0 dagger; a +0 dagger; a +0 robe You closely miss the orc warrior.
The orc warrior is almost dead.
The orc warrior completely misses you.
You hit the orc warrior.
You kill the orc warrior!
Makhleb accepts your kill.
You feel better. The orc completely misses you. The orc closely misses you.
Items here: )) [[ †.
You hit the orc.
You kill the orc!
Makhleb accepts your kill.
Things that are here:
a +0 trident; an orc corpse
Items here: )) [[ †.
A cyclops is nearby!
You see here a +0 hand axe.
The cyclops shouts!
The cyclops throws a large rock.
The large rock hits you!!
* * * LOW HITPOINT WARNING * * *
The cyclops hits you!!
You die...

#..# ##.## #### # ##...##...#
#. #.)).......
##.#..####)........
.........)))....... ..#
#........>####.#...... #.#
#.###.###.# #.##..... #.# #.#
#.# ##@###...# #.# #..
#.###..C###### #.# #.####
#.##^....## ##.# #.##.##
#.#.......## ##..###
###.#...###..........####.....#
.....................'........#
###.#...####.........####...#.#
#.##.## ##.......## ##.##.#
#.#### ##.....## ####.#


You could see a cyclops.

Vanquished Creatures
  2 two-headed ogres
  A manticore (D:12)
  A kobold demonologist (D:12)
  3 trolls
  2 hornets
  Sigmund (D:2)
  6 wyverns
  A vampire (D:11)
  Eustachio (D:4)
  2 hogs (D:12)
  6 yaks
  Grum (D:10)
  A steam dragon (D:7)
  Menkaure (D:5)
  2 acid dragons (D:10)
  A water moccasin (D:5)
  A black bear (D:6)
  A sky beast (D:6)
  4 orc warriors
  2 ogres
  An ice beast (D:7)
  4 wolves (D:10)
  5 centaurs
  A phantom (D:4)
  2 kobold brigands
  8 bullfrogs
  A necrophage (D:5)
  3 scorpions
  7 wights (D:6)
  3 killer bees (D:7)
  5 electric eels (D:8)
  3 howler monkeys (D:7)
  3 hounds
  A gnoll bouda (D:8)
  7 orc priests
  4 iguanas
  10 orc wizards
  7 gnolls
  6 adders
  3 shadow imps
  2 ufetubi (D:4)
  A worm (D:4)
  3 dart slugs
  27 orcs
  4 endoplasms
  A giant cockroach (D:3)
  11 goblins
  7 hobgoblins
  6 jackals
  11 kobolds
  A quokka (D:2)
  A ball python (D:4)
  8 bats
  4 frilled lizards
  4 rats
215 creatures vanquished.

Vanquished Creatures (others)
  8 plants (D:2)
8 creatures vanquished.

Grand Total: 223 creatures vanquished

Notes
Turn   | Place    | Note
-------+----------+-------------------------------------------
     0 | D:1      | Eitelfritz the Minotaur Gladiator began the quest for the
                  | Orb.
     0 | D:1      | Reached XP level 1. HP: 18/18 MP: 0/0
   435 | D:1      | Reached XP level 2. HP: 19/25 MP: 1/1
   574 | D:1      | Reached skill level 4 in Long Blades
   768 | D:1      | Found a faded altar of an unknown god.
  1144 | D:1      | Reached XP level 3. HP: 30/30 MP: 2/2
  1324 | D:2      | Reached skill level 1 in Armour
  1384 | D:2      | Noticed Sigmund
  1396 | D:2      | Killed Sigmund
  1397 | D:2      | Reached skill level 5 in Long Blades
  1397 | D:2      | Reached XP level 4. HP: 9/38 MP: 3/3
  1397 | D:2      | Reached XP level 5. HP: 11/45 MP: 4/4
  1945 | D:2      | Found a glowing silver altar of Zin.
  2839 | D:4      | Reached skill level 1 in Stealth
  2919 | D:4      | Reached XP level 6. HP: 51/51 MP: 5/5
  3127 | D:4      | Reached skill level 6 in Long Blades
  3327 | D:4      | Noticed Eustachio
  3342 | D:4      | Killed Eustachio
  3512 | D:4      | Reached XP level 7. HP: 58/58 MP: 6/6
  4479 | D:5      | Entered Level 5 of the Dungeon
  4527 | D:5      | Found a runed translucent door.
  4581 | D:5      | Noticed Menkaure
  4593 | D:5      | Killed Menkaure
  4594 | D:5      | Reached skill level 7 in Long Blades
  4594 | D:5      | Reached skill level 5 in Dodging
  4836 | D:5      | Found a basalt altar of Yredelemnul.
  4982 | D:5      | Reached skill level 8 in Long Blades
  4983 | D:5      | Reached XP level 8. HP: 44/67 MP: 7/7
  5666 | D:5      | Reached skill level 5 in Fighting
  5822 | D:5      | Found a runed translucent door.
  5823 | D:5      | Noticed Sensen's ghost (novice DrCj)
  6083 | D:6      | Reached skill level 9 in Long Blades
  6235 | D:6      | HP: 2/69 [wyvern (3)]
  6239 | D:6      | Reached skill level 5 in Armour
  6287 | D:6      | Reached XP level 9. HP: 32/75 MP: 8/8
  6556 | D:6      | Found a shimmering altar of Xom.
  6746 | D:6      | Found a staircase to the Ecumenical Temple.
  6766 | Temple   | Entered the Ecumenical Temple
  7019 | Temple   | Became a worshipper of Makhleb the Destroyer
  7172 | D:6      | Reached skill level 10 in Long Blades
  7591 | D:6      | Reached skill level 1 in Ranged Weapons
  8308 | D:7      | Found Gishretre's One-of-a-Kind Rings.
  9137 | D:8      | Noticed a two-headed ogre
  9147 | D:7      | Reached skill level 11 in Long Blades
  9221 | D:7      | Killed a two-headed ogre
  9222 | D:7      | Reached XP level 10. HP: 39/86 MP: 9/9
  9452 | D:7      | Reached * piety under Makhleb
  9736 | D:8      | Found a transporter.
  9813 | D:8      | Found a transporter.
  9828 | D:8      | Found a one-way gate to the infinite horrors of the Abyss.
  9828 | D:8      | Noticed hawkguy's ghost (novice HOFE)
 11378 | D:9      | Noticed a two-headed ogre
 11460 | D:9      | Reached skill level 12 in Long Blades
 12126 | D:10     | Entered Level 10 of the Dungeon
 12220 | D:10     | Reached ** piety under Makhleb
 12245 | D:10     | Noticed Grum
 12271 | D:10     | Killed Grum
 12624 | D:10     | Reached skill level 5 in Stealth
 12762 | D:10     | Reached skill level 1 in Invocations
 12890 | D:10     | Reached skill level 13 in Long Blades
 13228 | D:10     | Reached XP level 11. HP: 95/95 MP: 9/11
 13550 | D:11     | Noticed an eight-headed hydra
 13577 | D:12     | Noticed a two-headed ogre
 13587 | D:12     | Killed a two-headed ogre
 13635 | D:12     | Noticed Kirke
 14467 | D:12     | Found a staircase to the Orcish Mines.
 14519 | D:12     | Slain by a cyclops

Illustrated notes

Levels and vault maps discovered:
D:1:      amcnicky_arrival_abandoned_market, layout_basic,
          dreamdust_ecumenical_altar_angels_and_demons
D:2:      layout_loops_ring, basic_altar, serial_bayou_lagoon_b, uniq_sigmund
D:3:      layout_loops_ring
D:4:      layout_layer_cave, uniq_eustachio
D:5:      layout_basic, nicolae_overflow_hidden_temple, ebering_ghost_sewer_f,
          uniq_menkaure
D:6:      layout_loops_ring, lemuel_tele_altar, minmay_temple_entry_sparse_star,
          minmay_misc_feat_secret_circle
D:7:      layout_loops_corners, kennysheep_cross_bottleneck,
          nicolae_shop_unique_rings, serial_bayou_pond_b
D:8:      layout_loops_cross, gammafunk_ghost_abyssal_escape,
          minmay_statues_item, kennysheep_boxes
D:9:      layout_gridville, dreamdust_princess_bridge
D:10:     layout_roguey, uniq_grum
D:11:     layout_long_grid, lair_entry_dummy, enter_trove_3
D:12:     layout_loops_corners, david_orc_3, item_on_display_a, uniq_kirke
Temple:   nicolae_temple_slightly_damp_pantheon

Skill      XL: |  1  2  3  4  5  6  7  8  9 10 11 |
---------------+----------------------------------+-----
Long Blades    | 4 5 6 8 9 11 13 | 13.5
Armour         | 2 3 4 5 |  5.8
Fighting       | 3 4 5 7 8 9 |  9.2
Dodging        | 4 5 6 7 8 9 |  9.4
Stealth        | 1 2 4 5 |  5.2
Ranged Weapons | 2 |  2.5
Invocations    | 1 2 |  2.8
Throwing       | |  2.9
Unarmed Combat | |  0.5

Action                   |  1- 3 |  4- 6 |  7- 9 | 10-12 || total
-------------------------+-------+-------+-------+-------++-------
Melee: Long sword        |    46 |   103 |   236 |   319 ||   704
       Headbutt          |     7 |    14 |    50 |    57 ||   128
       Unarmed           |       |       |       |     8 ||     8
       Punch             |       |       |       |     1 ||     1
 Fire: Shortbow          |       |       |     9 |       ||     9
Throw: Throwing net      |     2 |       |     2 |       ||     4
       Dart              |       |       |       |     6 ||     6
       Javelin           |       |       |       |     1 ||     1
  Use: Scroll            |       |       |    20 |     4 ||    24
       Potion            |       |       |     3 |     2 ||     5
 Stab: Sleeping          |       |     1 |     6 |     4 ||    11
       Held in net/web   |       |       |     2 |       ||     2
       Invisible         |       |       |       |     3 ||     3
Armor: Leather armour    |    16 |    22 |    57 |     4 ||    99
       Steam dragon scal |       |       |       |    82 ||    82
Dodge: Dodged            |    33 |    81 |   232 |   293 ||   639
